 Dungeon Crawl Stone Soup version 0.28-a0-863-g8cecda6153 (webtiles) character file.

Game seed: 15048456640429493819

11 cheechan the Charlatan (level 2, -1/18 HPs)
             Began as an Octopode Artificer on Nov 19, 2021.
             Frozen to death by an endoplasm (2 damage)
             ... on level 1 of the Dungeon.
             The game lasted 00:00:49 (167 turns).

cheechan the Charlatan (Octopode Artificer)          Turns: 167, Time: 00:00:50

Health: -1/18      AC:  1    Str: 11    XL:     2   Next: 29%
Magic:  2/2        EV: 13    Int: 13    God:
Gold:   23         SH:  0    Dex: 12    Spells: 1/1 levels left

rFire   . . .      SeeInvis .   a - +0 club
rCold   . . .      Faith    .   (no shield)
rNeg    . . .      Spirit   .   (helmet restricted)
rPois   .          Reflect  .   (no amulet)
rElec   .          Harm     .   (no ring)
rCorr   .          Rampage  .   (no ring)
Will    .....                   (no ring)
Stlth   +++.......              (no ring)
HPRegen 0.06/turn               (no ring)
MPRegen 0.08/turn               (no ring)
                                (no ring)
                                (no ring)

@: no status effects
A: almost no armour, amphibious, 8 rings, camouflage 1, gelatinous body 1,
(nimble swimmer 1), tentacles
a: no special abilities


You were on level 1 of the Dungeon.
You visited 1 branch of the dungeon, and saw 1 of its levels.

You collected 23 gold pieces.

Inventory:

Hand Weapons
 a - a +0 club (weapon)
Wands
 b - a wand of flame (13) (quivered)
 c - a wand of charming (15)
Potions
 e - a potion of haste {unknown}
 f - a potion of brilliance {unknown}
 g - a potion of flight {unknown}
Miscellaneous
 d - a piece from Xom's chessboard (15/15)


   Skills:
 + Level 1.0 Fighting
 + Level 2.3 Dodging
 + Level 1.5 Stealth
 + Level 4.0 Evocations


You had one spell level left.
You didn't know any spells.
Your spell library was empty.

Dungeon Overview and Level Annotations

Branches:
Dungeon (1/15)

Altars:


Innate Abilities, Weirdness & Mutations

You cannot wear most types of armour.
You are amphibious.
You can wear up to eight rings at the same time.
Your skin changes colour to match your surroundings (Stealth+).
Your rubbery body absorbs attacks. (AC +1, EV +1)
((You are camouflaged near water. (Stealth+)))
You have tentacles for arms and can constrict up to eight enemies at once.


Message History

The dart slug is almost dead.
You constrict the dart slug.
You kill the dart slug!
Your Evocations skill increases to level 4!
You see here a dart slug corpse.
You see here a rat corpse.
You see here a hobgoblin corpse.
f - a fizzy red potion You now have 23 gold pieces (gained 14).
You see here a quokka corpse.
Things that are here:
a +0 dagger; a goblin corpse You see here a +0 club.
Found a purple potion.
Found a scroll labelled BOACSYNUTO.
Found an escape hatch in the floor.
g - a purple potion A bat comes into view.
The bat barely misses you. The bat hits you.
You barely miss the bat. Your grab misses the bat. Your squeeze misses the bat.
The bat barely misses you. The bat misses you.
You closely miss the bat. Your grab misses the bat.
Your squeeze misses the bat. The bat hits you.
The bat hits you but does no damage.
You hit the bat.
You kill the bat!
You see here a bat corpse.
An endoplasm comes into view.
The endoplasm quivers.
The endoplasm freezes you.
You are frozen.
* * * LOW HITPOINT WARNING * * *
You barely miss the endoplasm. You squeeze the endoplasm.
The endoplasm is almost dead.
The endoplasm freezes you.
You are frozen.
* * * LOW HITPOINT WARNING * * *
The endoplasm freezes you.
You are frozen.
You die...

..##........
...........# #......#
..........#. #......#
............#. #......#
.?###.......#..#......#
>...#.......#..#......
#...........#........
..#.........#.##J.#.#
..#...†.....#.##@.#.#
..####....###..#..#.##
..........##.........#
..#####..............#
#..# #..##..........#
##.# #........#...†.#
#.# #.#####....#...#
#.# #.## #......†.# #.#
#..# ###....†.#


You could see an endoplasm.

Vanquished Creatures
  A dart slug (D:1)
  4 goblins (D:1)
  A hobgoblin (D:1)
  A quokka (D:1)
  A bat (D:1)
  A frilled lizard (D:1)
  A rat (D:1)
10 creatures vanquished.

Notes
Turn   | Place    | Note
-------+----------+-------------------------------------------
     0 | D:1      | cheechan the Octopode Artificer began the quest for the
                  | Orb.
     0 | D:1      | Reached XP level 1. HP: 13/13 MP: 1/1
    77 | D:1      | Reached XP level 2. HP: 7/18 MP: 2/2
    84 | D:1      | Reached skill level 4 in Evocations
   167 | D:1      | Frozen to death by an endoplasm

Illustrated notes

Levels and vault maps discovered:
D:1:      eino_arrival_water_cross, layout_rooms

Skill      XL: |  1  2 |
---------------+-------+-----
Evocations     | 4 |  4.0
Fighting       | |  1.0
Dodging        | |  2.3
Stealth        | |  1.5

Action                   || total
-------------------------++-------
Melee: Club              ||    21
       Constrict         ||     6
       Tentacles         ||     4
Evoke: Wand              ||     2
 Stab: Sleeping          ||     1
Armor: Skin              ||     3
Dodge: Dodged            ||    24

Table legend: (Time is in decaauts)
 A = Elapsed time spent in this place.
 B = Non-inter-level travel time spent in this place.
 C = Inter-level travel time spent in this place.
 D = Time resting spent in this place.
 E = Time spent auto-exploring this place.
 F = Levels seen in this place.
 G = Mean time per level.
                   A        B        C        D        E       F      G
               +--------+--------+--------+--------+--------+-----+--------+
         Total |    173 |    173 |      0 |      0 |      0 |   1 |  173.0 |
       Dungeon |    173 |    173 |      0 |      0 |      0 |   1 |  173.0 |
               +--------+--------+--------+--------+--------+-----+--------+

Top non-repeatable levels by time:
     D:1: 173 daAuts
